Map: Neon Violet Square LE

Players

MaNa

  • Race: Protoss Protoss
  • Spawn Location: 5:00

Zanster - Winner!

  • Race: Zerg Zerg
  • Spawn Location: 11:00

Event: IEM Season 12 - Katowice

VOD

Have the link to the VOD?

Description

Time

  • Played on: Feb. 26, 2018, 9:30 a.m.
  • Length: 12:12

All games in this series

Show
View Real Time Build Order
Export as new Build Order

MaNa Protoss 

Build Orders: 1 Gate Expand, Oracle Opening, Archon Immortal, Zealot Archon 

Get SALT Encoding   

  12  0:00  Probe  
  13  0:12  Probe  
  14  0:18  Pylon  
  14  0:24  Probe (Chrono Boost)  
  15  0:37  Probe (Chrono Boost)  
  15  0:38  Assimilator  
  16  0:45  Probe (Chrono Boost)  
  16  0:49  Gateway  
  17  0:51  Probe (Chrono Boost)  
  18  1:03  Probe (Chrono Boost)  
  20  1:11  Probe (Chrono Boost)  
  20  1:17  Probe  
  21  1:30  Nexus  
  21  1:41  Cybernetics Core  
  21  1:44  Probe  
  22  1:49  Assimilator  
  22  1:56  Probe  
  22  1:59  Pylon  
  23  2:17  Probe  
  23  2:18  Adept (Chrono Boost), Stargate  
  26  2:25  Warp Gate  
  26  2:29  Probe  
  27  2:37  Adept  
  27  2:41  Probe  
  27  2:42  Probe  
  31  2:53  Probe  
  31  2:54  Probe  
  33  3:04  Void Ray (Chrono Boost)  
  37  3:06  Probe  
  37  3:07  Probe  
  39  3:18  Probe  
  39  3:20  Probe  
  39  3:31  Probe  
  40  3:35  Gateway  
  40  3:36  Probe  
  40  3:37  Pylon  
  40  3:38  Oracle (Chrono Boost)  
  44  3:43  Probe  
  44  3:47  Pylon  
  45  3:48  Probe  
  45  3:55  Probe  
  47  3:58  Assimilator  
  47  4:00  Probe  
  47  4:02  Assimilator  
  48  4:03  Oracle (Chrono Boost)  
  48  4:07  Probe  
  52  4:12  Probe  
  52  4:14  Robotics Facility  
  53  4:19  Probe  
  54  4:28  Probe  
  54  4:30  Pylon  
  55  4:31  Probe  
  56  4:41  Nexus  
  56  4:43  Probe x2  
  58  4:55  Probe x2  
  60  5:02  Twilight Council  
  60  5:03  Observer  
  61  5:07  Probe x2  
  63  5:19  Probe x2  
  65  5:25  Warp Prism  
  65  5:28  Gateway  
  67  5:29  Gateway  
  67  5:30  Stalker  
  67  5:31  Probe  
  67  5:32  Pylon  
  67  5:33  Pylon  
  70  5:36  Charge (Chrono Boost)  
  70  5:42  Templar Archives  
  70  5:50  Probe  
  70  5:53  Robotics Facility  
  71  6:04  Probe x2  
  71  6:09  Zealot x2  
  72  6:13  Probe  
  72  6:16  Probe, Immortal  
  72  6:18  Probe  
  77  6:21  Gateway x2  
  77  6:25  Probe  
  75  6:31  High Templar x4  
  79  6:33  Probe x2  
  79  6:35  Archon x2  
  79  6:37  Probe  
  82  6:40  Assimilator  
  82  6:44  Assimilator  
  82  6:49  Gateway  
  82  6:51  Gateway  
  76  6:57  Probe x2  
  76  7:04  High Templar  
  76  7:05  Zealot x2, High Templar  
  84  7:09  Archon  
  84  7:11  Probe x2  
  86  7:27  Probe x2  
  86  7:28  Probe  
  85  7:35  High Templar x4  
  93  7:37  Zealot x2  
  93  7:39  Archon x2  
  88  7:52  Psionic Storm  
  88  7:55  Probe x2  
  84  8:06  Immortal x2  
  84  8:07  Probe x2  
  84  8:08  Zealot x2  
  84  8:10  Zealot  
  92  8:14  Zealot x3  
  92  8:19  High Templar x2  
  101  8:33  Pylon  
  101  8:34  Pylon  
  101  8:36  Pylon  
  97  8:46  Nexus  
  97  8:49  Pylon  
  97  8:50  Forge  
  97  8:52  High Templar x2  
  97  8:53  High Templar  
  97  8:55  Archon  
  103  8:56  High Templar  
  105  9:02  Immortal (Chrono Boost)  
  105  9:09  Probe x3  
  112  9:12  Sentry  
  114  9:21  Forge  
  114  9:23  Shield Battery  
  114  9:25  Protoss Ground Weapons Level 1 (Chrono Boost), Shield Battery  
  114  9:27  Photon Cannon  
  114  9:30  Probe x2  
  114  9:31  Probe  
  117  9:40  Immortal  
  117  9:42  Probe  
  122  9:47  Immortal  
  118  10:06  High Templar x2  
  118  10:07  High Templar x2  
  126  10:08  Probe x4  
  126  10:11  Archon x2  
  126  10:13  Zealot x4  
  136  10:18  Warp Prism  
  138  10:26  Warp Prism  
  140  10:34  Assimilator  
  140  10:39  High Templar, Assimilator  
  140  10:40  High Templar x2  
  140  10:41  High Templar  
  148  10:49  Probe x4, Gateway  
  145  10:54  Photon Cannon, Warp Prism  
  143  11:01  Probe x2, Pylon, Warp Prism  
  143  11:02  Pylon  
  147  11:04  Pylon  
  130  11:26  Zealot x3  
  130  11:27  Zealot x2  
  130  11:31  Zealot x2  
  125  11:38  Probe x2  
  117  11:47  Zealot  
  113  11:49  Zealot x2  
Show
View Real Time Build Order
Export as new Build Order

Zanster Zerg - Winner!

Build Orders: Hatch First 

Get SALT Encoding   

  12  0:00  Drone  
  13  0:13  Overlord  
  13  0:17  Drone  
  14  0:31  Drone  
  14  0:32  Drone  
  17  0:35  Drone  
  17  0:53  Hatchery  
  17  0:56  Drone  
  17  0:59  Drone  
  18  1:10  Extractor  
  17  1:15  Spawning Pool  
  17  1:18  Drone  
  17  1:22  Drone  
  18  1:30  Drone  
  19  1:40  Drone  
  20  1:50  Overlord  
  20  2:02  Queen  
  20  2:05  Queen  
  20  2:06  Zergling x4  
  26  2:12  Metabolic Boost  
  26  2:14  Drone  
  27  2:17  Drone  
  27  2:22  Drone  
  29  2:26  Drone  
  30  2:39  Hatchery  
  29  2:45  Queen  
  29  2:48  Drone  
  32  2:52  Drone  
  32  2:57  Overlord  
  33  2:59  Drone  
  33  3:02  Drone  
  33  3:04  Drone  
  33  3:21  Drone x2  
  33  3:22  Drone x4  
  33  3:24  Drone  
  40  3:31  Pneumatized Carapace  
  40  3:32  Drone  
  41  3:34  Drone  
  41  3:39  Overlord  
  42  3:43  Evolution Chamber  
  42  3:45  Drone  
  42  3:46  Drone  
  43  3:50  Overlord  
  43  3:57  Spore Crawler  
  43  4:01  Drone x4  
  43  4:02  Drone  
  47  4:04  Drone  
  47  4:06  Drone  
  47  4:09  Overlord  
  48  4:11  Zergling x2  
  48  4:13  Zergling x2  
  48  4:16  Spore Crawler  
  49  4:22  Spore Crawler, Zerg Melee Weapons Level 1  
  48  4:25  Baneling Nest  
  48  4:27  Drone x2  
  48  4:29  Drone  
  48  4:31  Drone  
  51  4:34  Drone x2  
  51  4:37  Drone  
  52  4:39  Drone  
  52  4:40  Drone  
  54  4:46  Drone x3  
  54  4:50  Overlord  
  57  4:53  Drone  
  57  4:55  Overlord  
  57  4:56  Overlord  
  58  5:00  Lair  
  58  5:02  Overlord  
  58  5:09  Zergling x2  
  58  5:10  Zergling x8  
  57  5:18  Drone x4  
  57  5:19  Overlord  
  57  5:21  Drone  
  59  5:25  Drone  
  59  5:26  Queen  
  62  5:28  Drone  
  62  5:29  Drone x2  
  62  5:31  Drone  
  62  5:32  Extractor  
  62  5:33  Drone  
  66  5:35  Drone  
  66  5:36  Drone x2  
  66  5:39  Drone x2  
  66  5:41  Drone  
  66  5:42  Drone  
  73  5:43  Drone  
  73  5:45  Extractor  
  73  5:46  Extractor, Overlord  
  71  5:51  Drone  
  71  5:55  Overlord  
  67  6:06  Zergling x12  
  67  6:09  Zergling x2  
  67  6:10  Zergling x2  
  67  6:11  Zergling x2  
  75  6:16  Queen  
  77  6:18  Zerg Melee Weapons Level 2  
  77  6:21  Zergling x6  
  77  6:24  Extractor  
  77  6:25  Baneling x3  
  79  6:28  Zergling x6  
  81  6:38  Zergling x2  
  81  6:39  Zergling x4  
  83  6:41  Baneling x3  
  83  6:42  Baneling  
  83  6:51  Hydralisk Den  
  83  6:52  Zergling x4  
  83  6:53  Zergling x12  
  82  7:01  Baneling x4  
  82  7:04  Queen  
  82  7:05  Overlord  
  82  7:08  Zergling x6  
  89  7:22  Overseer, Hatchery  
  88  7:27  Hydralisk x3  
  88  7:28  Hydralisk x5  
  104  7:31  Drone  
  104  7:32  Drone x2  
  101  7:49  Hydralisk  
  101  7:50  Hydralisk x3, Zergling x2  
  101  7:51  Zergling x4  
  101  7:53  Zergling x10  
  101  7:55  Baneling x2  
  101  8:07  Zergling x6  
  101  8:10  Zergling x2  
  104  8:14  Zergling x6  
  106  8:21  Hydralisk  
  106  8:22  Hydralisk, Zergling x2  
  106  8:23  Centrifical Hooks  
  106  8:24  Muscular Augments  
  104  8:30  Hatchery  
  102  8:35  Drone, Zerg Missile Weapons Level 1  
  102  8:36  Drone x2  
  102  8:38  Drone  
  105  8:42  Drone  
  105  8:46  Drone  
  107  8:49  Drone x2  
  107  8:54  Hydralisk  
  107  8:55  Hydralisk x3  
  117  8:56  Zergling x2  
  117  9:03  Drone x4  
  117  9:09  Drone  
  122  9:10  Drone x4  
  126  9:19  Infestation Pit  
  125  9:24  Overseer  
  125  9:29  Drone x3  
  125  9:30  Overlord x5  
  128  9:36  Overlord  
  127  9:44  Overlord  
  127  9:49  Hydralisk  
  127  9:50  Hydralisk x2, Zergling x2  
  127  9:51  Zergling x14  
  141  9:54  Spore Crawler  
  141  9:56  Hive  
  141  9:57  Drone x2  
  141  9:58  Drone x2  
  144  10:06  Hydralisk  
  146  10:07  Zergling x12  
  149  10:22  Hydralisk x2  
  149  10:23  Zergling x12  
  149  10:24  Zergling x4  
  149  10:25  Baneling x4  
  151  10:45  Spire  
  151  10:47  Evolution Chamber, Hydralisk x5  
  151  10:48  Zergling x6  
  161  10:53  Overlord  
  161  10:54  Baneling  
  161  10:55  Baneling x3  
  160  11:02  Baneling, Hatchery  
  160  11:03  Baneling x6  
  159  11:25  Hydralisk x2  
  151  11:26  Hydralisk x2, Zergling x8  
  151  11:27  Zergling x24  
  151  11:28  Overlord  
  151  11:32  Overlord  
  159  11:41  Zergling x2  
  159  11:42  Zergling x12  
  158  11:51  Zergling x2  
  158  11:52  Zergling x20  

Tags
 
Add a new tag
Caveats
  • Supply blocks, unpowered buildings, or Contaminate may cause inaccurate times.
  • Supply counts are checked every 10 seconds.